 Dungeon Crawl Stone Soup version 0.13-a0-3060-g5a62039 (webtiles) character file.

213 Duskembrace the Grasshopper (level 4, -10/22 HPs)
             Began as a Spriggan Warper on Sept 15, 2013.
             Mangled by Sigmund
             ... wielding a +1,+1 scythe
              (23 damage)
             ... on Level 2 of the Dungeon.
             The game lasted 00:05:56 (1510 turns).

Duskembrace the Grasshopper (Spriggan Warper)       Turns: 1510, Time: 00:05:56

HP -10/22        AC  5     Str  7      XL: 4   Next: 14%
MP   8/11        EV 20     Int 14      God:
Gold 136         SH  0     Dex 16      Spells:  3 memorised,  4 levels left

Res.Fire  : . . .   See Invis. : +   a - +0 short sword
Res.Cold  : . . .   Warding    : .   b - +0 robe
Life Prot.: . . .   Conserve   : .   (shield restricted)
Res.Poison: +       Res.Corr.  : .   (helmet restricted)
Res.Elec. : .       Clarity    : .   q - +2 cloak
Sust.Abil.: . .     Spirit.Shd : .   (gloves unavailable)
Res.Mut.  : .       Stasis     : .   (boots unavailable)
Res.Rott. : .       Flight     : .   (no amulet)
Saprovore : . . .                    (no ring)
                                     o - ring of poison resistance

@: very slightly contaminated, very quick, slightly resistant to hostile
enchantments, fairly stealthy
A: unfitting armour, see invisible, herbivore 3, speed 3, slow metabolism 2
a: no special abilities


You were on level 2 of the Dungeon.
You were not hungry.

You visited 1 branch of the dungeon, and saw 2 of its levels.

You collected 86 gold pieces.

Inventory:

Hand weapons
 a - a +0,+0 short sword (weapon)
 j - a cursed -1,-1 dagger
Missiles
 e - 15 darts (quivered)
 f - 10 darts of dispersal
Armour
 b - a +0 robe (worn)
 q - a +2 cloak (worn)
Comestibles
 w - 2 chokos
 x - a bread ration
Scrolls
 d - a scroll of blinking
 h - 2 scrolls of identify {unknown}
 i - a scroll of teleportation {unknown}
 k - a scroll of recharging {unknown}
 m - a scroll of curse armour {unknown}
 n - 2 scrolls of remove curse {unknown}
 r - 2 scrolls of fear {unknown}
 s - 2 scrolls of enchant weapon II {unknown}
 t - a scroll of enchant armour {unknown}
Jewellery
 o - a ring of poison resistance (left hand)
Potions
 g - a potion of porridge
 l - a potion of beneficial mutation {unknown}
 p - 2 potions of brilliance {unknown}
 u - 2 potions of cure mutation {unknown}
 v - 2 potions of curing {unknown}
 z - a potion of confusion {unknown}
 A - a potion of flight {unknown}
Books
 c - a book of Spatial Translocations

   Spells                             Type                      Level
   *Apportation                       Translocation                1
   Portal Projectile                  Translocation                2
   *Blink                             Translocation                2
   *Shroud of Golubria                Charms/Translocation         2
   Teleport Other                     Translocation                3
   Passage of Golubria                Translocation                4


   Skills:
 - Level 1.5 Fighting
 + Level 2.5 Short Blades
 + Level 1.1 Throwing
 + Level 5.0 Dodging
 + Level 0.9 Stealth
 + Level 3.0 Spellcasting
 + Level 0.8 Charms
 + Level 5.5 Translocations


You had 4 spell levels left.
You knew the following spells:

 Your Spells              Type           Power        Failure   Level  Hunger
a - Apportation           Tloc           ###.......   2%          1    #......
b - Shroud of Golubria    Chrm/Tloc      ##........   12%         2    ##.....
c - Blink                 Tloc           N/A          3%          2    ##.....


Dungeon Overview and Level Annotations

Branches:
Dungeon (2/27)

Altars:

Annotations:
D:2 Sigmund


Innate Abilities, Weirdness & Mutations

You are tiny and cannot use many weapons and most armour.
You have supernaturally acute eyesight.
You are a herbivore.
You cover ground extremely quickly.
You need consume almost no food.


Message History

Sigmund barely misses you.
You hit Sigmund.
Sigmund is lightly wounded.
You hit Sigmund.
Sigmund is moderately wounded.
Sigmund closely misses you.
You hit Sigmund.
Sigmund is moderately wounded.
Sigmund gestures at you while chanting. The puff of flame hits you!
You hit Sigmund.
Sigmund is moderately wounded.
Sigmund closely misses you.
You barely miss Sigmund.
Sigmund is moderately wounded.
You barely miss Sigmund.
Sigmund is moderately wounded.
Sigmund hits you with a scythe!
Ouch! That really hurt!
You die...

#.#
#......<...
#.#
###########
#.# #.# #.#
# ≈ #.### #
≈≈. #...#
#####
≈≈≈...####.#
#....
≈.≈.....@..#
#.###
≈≈≈....@...#
#.# #
≈........##
#.# #
≈≈...#####
#.# ≈...#
#.. ≈## ...
.#. . .


You could see Sigmund.

Vanquished Creatures
  5 adders (D:2)
  A gnoll (D:2)
  2 giant cockroaches
  A goblin (D:2)
  2 hobgoblins (D:2)
  3 jackals (D:2)
  2 kobolds (D:1)
  A quokka (D:2)
  3 bats
  A giant newt (D:1)
  4 rats
25 creatures vanquished.

Notes
Turn   | Place    | Note
--------------------------------------------------------------
     0 | D:1      | Duskembrace, the Spriggan Warper, began the quest for the Orb.
     0 | D:1      | Reached XP level 1. HP: 10/10 MP: 2/2
   465 | D:1      | Reached XP level 2. HP: 14/14 MP: 5/5
   531 | D:1      | Learned a level 2 spell: Shroud of Golubria
   534 | D:1      | Learned a level 2 spell: Blink
   611 | D:2      | Reached skill level 5 in Translocations
   904 | D:2      | Reached XP level 3. HP: 18/18 MP: 4/8
  1338 | D:2      | Reached skill level 5 in Dodging
  1370 | D:2      | Reached XP level 4. HP: 22/22 MP: 8/10
  1497 | D:2      | Noticed Sigmund
  1510 | D:2      | Mangled by Sigmund

Action                   |  1- 3 |  4- 6 || total
-------------------------+-------+-------++-------
Melee: Short sword       |   139 |    20 ||   159
 Cast: Shroud of Golubri |     7 |     1 ||     8
